 Dungeon Sprint DCSS version 0.30-a0-591-g3c58d2bc28 (webtiles) character file.

Game seed: 8834382318741398575

4 NinjaNoafa the Stinger (level 1, 0/16 HPs)
             Began as a Naga Venom Mage on Jan 5, 2023.
             Slain by a kobold
             ... wielding a +0 club
              (1 damage)
             ... in the Dungeon (Sprint IX: "|||||||||||||||||||||||||||||").
             The game lasted 00:00:39 (14 turns).

NinjaNoafa the Stinger (Naga Venom Mage)              Turns: 14, Time: 00:00:39

Health: 0/16       AC:  1    Str: 10    XL:     1   Next: 60%
Magic:  0/3        EV: 10    Int: 15    God:
Gold:   0          SH:  0    Dex: 11    Spells: 3/4 levels left

rFire   . . .      SeeInvis +    (no weapon)
rCold   . . .      Faith    .    (no shield)
rNeg    . . .      Spirit   .    a - +0 robe
rPois   +          Reflect  .    (no helmet)
rElec   .          Harm     .    (no cloak)
rCorr   .          Rampage  .    (no gloves)
Will    .....      NoTele   +    (no barding)
Stlth   ++                       (no amulet)
HPRegen 0.22/turn                (no ring)
MPRegen 0.08/turn                (no ring)

@: short of breath, very slow
A: AC +0, large, see invisible, deformed body, poison resistance, slowness 2,
spit poison 1, naga tail 1
a: Spit Poison


You were in the Dungeon.
You visited 1 branch

Inventory:

Armour
 a - a +0 robe (worn)
Scrolls
 g - a scroll of blinking
Potions
 b - 3 potions of magic
 c - a potion of curing
 d - a potion of heal wounds
 e - a potion of haste
 f - a potion of berserk rage


   Skills:
 + Level 0.9 Fighting
 + Level 1.8 Dodging
 + Level 3.6 Stealth
 + Level 2.2 Spellcasting
 + Level 1.5 Transmutations
 + Level 4.3 Poison Magic


You had 3 spell levels left.
You knew the following spells:

 Your Spells              Type           Power      Damage    Failure   Level
a - Sting                 Tmut/Pois      40%        1d5       6%          1

Your spell library contained the following spells:

 Spells                   Type           Power      Damage    Failure   Level
 Poisonous Vapours        Pois/Air       16%        N/A       13%         2
 Mephitic Cloud           Conj/Pois/Air  6%         N/A       34%         3
 Olgreb's Toxic Radiance  Pois           14%        N/A       34%         4


Dungeon Overview and Level Annotations

Branches:
Dungeon (1/1)

Altars:


Innate Abilities, Weirdness & Mutations

Your serpentine skin is tough. (AC +0)
You have supernaturally acute eyesight. (SInv)
Armour fits poorly on your strangely shaped body.
Your system is resistant to poisons. (rPois)
You cover ground very slowly.
You can spit poison.
You have a snake-like lower body.


Message History

Welcome, NinjaNoafa the Naga Venom Mage.
Press ? for a list of commands and other information.
Found a staircase leading out of the dungeon.
Okay, then.
You open the door.
A giant cockroach, a kobold, a ball python and 2 goblins come into view.
The sting hits the giant cockroach but does no damage.
The giant cockroach is poisoned.
The sting hits the giant cockroach.
The giant cockroach looks even sicker.
You kill the giant cockroach!
The goblin shouts!
The ball python hisses angrily.
The sting misses the kobold.
The sting hits the ball python.
The ball python is poisoned.
The ball python is severely wounded.
You barely miss the kobold. The kobold misses you.
You hit the kobold.
The kobold is moderately wounded.
The kobold hits you with a +0 club.
You barely miss the kobold.
The kobold is moderately wounded.
You kill the ball python!
The kobold closely misses you.
You hit the kobold but do no damage.
The kobold is moderately wounded.
The kobold hits you with a +0 club.
You hit the kobold but do no damage.
The kobold is moderately wounded.
The kobold hits you with a +0 club.
Aiming: Spit Poison (3% risk of failure)
Press: ? - help, Shift-Dir - straight line, f - goblin, p - kobold
Aim: a goblin, wielding a +0 club (43% to hit)
The splash of poison misses the kobold.
The splash of poison hits the goblin!
The goblin is poisoned.
You kill the goblin!
The kobold hits you with a +0 club. The kobold hits you with a +0 club.
* * * LOW HITPOINT WARNING * * *
The kobold attacks as you move away! The kobold hits you with a +0 club.
You die...

▓▓▓
▓<▓
▓.▓
▓@▓
▓K▓
▓g▓
▓)▓
▓.▓
▓.▓
▓.▓
▓.▓
▓+▓


You could see a goblin and a kobold.

Vanquished Creatures
  A ball python (D)
  A giant cockroach (D)
  A goblin (D)
3 creatures vanquished.

Notes
Turn   | Place    | Note
-------+----------+-------------------------------------------
     0 | D        | NinjaNoafa the Naga Venom Mage began the quest for the Orb.
     0 | D        | Reached XP level 1. HP: 15/15 MP: 3/3
    14 | D        | Slain by a kobold

Illustrated notes

Levels and vault maps discovered:
D:        linesprint [early_d, line_temple, items_1, d_10, items_2, lair_1,
          lair_end, items_3, orc_1, orc_end, items_4, d_15, swamp_1, shoals_1,
          snake_1, spider_1, d_20, vaults_1, items_5, swamp_end, shoals_end,
          snake_end, spider_end, vaults_end, d_27, items_6, zot_1, zot_end,
          crypt_end, forest_end, elf_end, slime_end, tomb_end, abyss_end,
          pan_hell_end]

Action                   || total
-------------------------++-------
Melee: Unarmed           ||     5
 Cast: Sting             ||     3
 Abil: Spit Poison       ||     1
Dodge: Dodged            ||     2

Table legend: (Time is in decaauts)
 A = Elapsed time spent in this place.
 B = Non-inter-level travel time spent in this place.
 C = Inter-level travel time spent in this place.
 D = Time resting spent in this place.
 E = Time spent auto-exploring this place.
 F = Levels seen in this place.
 G = Mean time per level.
                   A        B        C        D        E       F      G
               +--------+--------+--------+--------+--------+-----+--------+
         Total |     15 |     15 |      0 |      0 |      4 |   1 |   15.0 |
       Dungeon |     15 |     15 |      0 |      0 |      4 |   1 |   15.0 |
               +--------+--------+--------+--------+--------+-----+--------+

Top non-repeatable levels by time:
       D: 15 daAuts
